 Dungeon Sprint DCSS version 0.27.1-33-g824d729ab1 (webtiles) character file.

Game seed: 1058524617897479654

6639 manyhoops the Earth Mage (level 10, -7/50 HPs)
             Began as a Deep Elf Earth Elementalist on Dec 2, 2021.
             Was a High Priest of Sif Muna.
             Mangled by a demonic crawler (10 damage)
             ... in the Dungeon (Sprint I: "Red Sonja").
             The game lasted 00:10:32 (1874 turns).

manyhoops the Earth Mage (DEEE)                     Turns: 1874, Time: 00:10:33

Health: -7/50      AC:  9    Str:  5    XL:     10   Next: 72%
Magic:  10/33      EV: 12    Int: 30    God:    Sif Muna [*****.]
Gold:   598        SH:  0    Dex: 15    Spells: 5/43 levels left

rFire    . . .     SeeInvis .   (no weapon)
rCold    + . .     Faith    .   (no shield)
rNeg     . . .     Spirit   .   q - +2 robe {rC+}
rPois    .         Reflect  .   (no helmet)
rElec    .         Harm     .   (no cloak)
rCorr    .         Rampage  .   n - +0 pair of gloves
Will     +....     NoTele   +   (no boots)
Stlth    ++........             (no amulet)
HPRegen  0.16/turn              j - +4 ring of protection
MPRegen  0.23/turn              l - +6 ring of intelligence

@: no status effects
A: no striking features
a: Renounce Religion, Channel Magic, Forget Spell, Divine Exegesis


You were in the Dungeon.
You worshipped Sif Muna.
Sif Muna was extremely pleased with you.
You visited 1 branch You collected 1557 gold pieces.
You spent 959 gold pieces at shops.

Inventory:

Missiles
 i - 73 stones
Armour
 n - a +0 pair of gloves (worn)
 o - the +1 robe of the Moon Troll {rN+ Regen+ Str-3}
   (You bought it in a shop in the Dungeon)

   Str:       It affects your strength (-3).
   rN:        It protects you from negative energy.
   Regen:     It increases your rate of health regeneration.
 q - a +2 robe of cold resistance (worn)
Jewellery
 j - a +4 ring of protection (left hand)
 l - a +6 ring of intelligence (right hand)
Wands
 a - a wand of polymorph (13)
 h - a wand of charming (8)
Scrolls
 k - a scroll of magic mapping {unknown}
 m - a scroll of enchant weapon
 p - a scroll of immolation
Potions
 b - a potion of mutation
 c - 3 potions of curing
 e - 2 potions of haste
 f - 2 potions of magic
 g - a potion of degeneration
 r - a potion of resistance
 s - 2 potions of brilliance


   Skills:
 - Level 2.4 Dodging
 - Level 2.4 Stealth
 - Level 17.0 Spellcasting
 - Level 12.3 Conjurations
 - Level 1.1 Transmutations
 + Level 19.2 Earth Magic


You had 5 spell levels left.
You knew the following spells:

 Your Spells              Type           Power      Damage    Failure   Level
a - Sandblast             Erth           100%       2d20      0%          1
b - Passwall              Tmut/Erth      60%        N/A       1%          2
c - Stone Arrow           Conj/Erth      100%       3d13      0%          3
d - Petrify               Tmut/Erth      72%        N/A       1%          4
e - Lee's Rapid Deconstr  Erth           48%        3d24*     1%          5
f - Leda's Liquefaction   Hex/Erth       35%        N/A       1%          4
g - Borgnjor's Vile Clut  Necr/Erth      35%        N/A       1%          5
h - Bolt of Magma         Conj/Fire/Erth 36%        4d16      1%          5
i - Call Canine Familiar  Summ           25%        N/A       4%          3
j - Statue Form           Tmut/Erth      48%        N/A       4%          6

Your spell library contained the following spells:

 Spells                   Type           Power      Damage    Failure   Level
 Dazzling Flash           Conj/Hex       100%       N/A       1%          3
 Animate Armour           Summ/Erth      100%       N/A       1%          4
 Iskenderun's Mystic Bla  Conj/Tloc      58%        2d12      1%          4
 Frozen Ramparts          Ice            50%        1d7       4%          3
 Portal Projectile        Hex/Tloc       50%        N/A       4%          3
 Summon Ice Beast         Ice/Summ       25%        N/A       17%         4
 Starburst                Conj/Fire      29%        6d9       21%         6
 Shatter                  Erth           48%        3d37*     54%         9


Dungeon Overview and Level Annotations

Branches:
Dungeon (1/1)

Altars:
Cheibriados
Dithmenos
Elyvilon
Fedhas
Gozag
Hepliaklqana
Kikubaaqudgha
Makhleb
Nemelex Xobeh
Okawaru
Qazlal
Ru
Sif Muna
Trog
Uskayaw
Vehumet
Wu Jian
Xom
Yredelemnul
Zin
The Shining One
Jiyva
Lugonu

Shops:
D :=(!=(*([**((?[[(


Message History

There is an open door here.
Casting: Lee's Rapid Deconstruction (safe; 1% risk of failure)
Confirm with . or Enter, or press ? or * to list all spells.
Okay, then.
Casting: Lee's Rapid Deconstruction (safe; 1% risk of failure)
Confirm with . or Enter, or press ? or * to list all spells.
Aiming: Bolt of Magma (dangerous; 1% risk of failure)
Press: ? - help, Shift-Dir - straight line, f - demonic crawler
Aim: a demonic crawler (severely wounded, 86% to hit)
The bolt of magma hits the demonic crawler!
The demonic crawler partially resists.
The demonic crawler is almost dead.
The bolt of magma misses the demonic crawler.
The demonic crawler barely misses you. The demonic crawler misses you. x2
Okay, then.
Blink to where?
Press: ? - help, Dir - move target, p - demonic crawler
As you read the scroll of blinking, it crumbles to dust.
Casting: Bolt of Magma (dangerous; 1% risk of failure)
Confirm with . or Enter, or press ? or * to list all spells.
Aiming: Petrify (safe; 1% risk of failure)
Press: ? - help, Shift-Dir - straight line, f - demonic crawler
Aim: a demonic crawler (almost dead, chance to affect: 17%)
The demonic crawler resists with almost no effort.
Unknown command.
Casting: Petrify (safe; 1% risk of failure)
Confirm with . or Enter, or press ? or * to list all spells.
Aiming: Stone Arrow (safe; 0% risk of failure)
Press: ? - help, Shift-Dir - straight line, f/p - demonic crawler
Aim: a demonic crawler (almost dead, 89% to hit)
The stone arrow hits the demonic crawler!
You kill the demonic crawler!
Sif Muna accepts your kill.
Your Earth Magic skill increases to level 19!
The demonic crawler closely misses you.
The demonic crawler hits you but does no damage. x2
The demonic crawler hits you.
* * * LOW HITPOINT WARNING * * *
The demonic crawler hits you!
You die...

#<.#..)..#..'..#__#.))...#
#..)..#..').#..'..'..#†..##+#
#..#####'#####'#__####.s.'..#
#..####..#...#.####§§#####..+
#..#__####..##.#≈≈§§§#..# ##
#..#_____##'#_..≈§§§.§§.#
#⌠⌠#_.∩...'..._#§≈≈.§#§§#
####_..__##_s#'##'#####'###
#_____###@#.#.(..###§§.#
############.####§###)###.#
#∩^.......'...'.§.§.'.∩##§#
###++++####.).###########§#
###.###.......##§#
#.#'#.#.....÷..§.#
#.....#''.######†#
#.....#....§.§§#§#
#######....§§§#§§#


You could see a demonic crawler.

Vanquished Creatures
  2 centaur warriors (D)
  Sonja (D)
  A deep troll (D)
  An oklob plant (D)
  2 unseen horrors (D)
  2 kobold demonologists (D)
  3 demonic crawlers (D)
  A hornet (D)
  A slime creature (D)
  Sigmund (D)
  A yak (D)
  2 redbacks (D)
  2 floating eyes (D)
  7 necrophages (D)
  An ogre (D)
  8 jellies (D)
  Ijyb (D)
  2 ballistomycete spores (D)
39 creatures vanquished.

Vanquished Creatures (others)
  A gargoyle (D)
1 creature vanquished.

Grand Total: 40 creatures vanquished

Notes
Turn   | Place    | Note
-------+----------+-------------------------------------------
     0 | D        | manyhoops the Deep Elf Earth Elementalist began the quest
                  | for the Orb.
     0 | D        | Reached XP level 1. HP: 10/10 MP: 6/6
     1 | D        | Noticed Ijyb
     9 | D        | Killed Ijyb
    10 | D        | Reached skill level 7 in Earth Magic
    10 | D        | Reached XP level 2. HP: 15/15 MP: 8/8
    40 | D        | Learned a level 2 spell: Passwall
    51 | D        | Noticed an ogre
    54 | D        | Killed an ogre
    55 | D        | Reached skill level 5 in Spellcasting
    55 | D        | Reached skill level 9 in Earth Magic
    55 | D        | Reached XP level 3. HP: 19/19 MP: 6/12
    55 | D        | Reached XP level 4. HP: 24/24 MP: 6/13
    59 | D        | Learned a level 3 spell: Stone Arrow
    64 | D        | Learned a level 4 spell: Petrify
   110 | D        | Noticed Sigmund
   112 | D        | Killed Sigmund
   113 | D        | Reached skill level 12 in Earth Magic
   113 | D        | Reached XP level 5. HP: 28/28 MP: 7/17
   113 | D        | Reached XP level 6. HP: 32/32 MP: 7/19
   197 | D        | Found an ornate altar of the Wu Jian Council.
   197 | D        | Found a shimmering blue altar of Sif Muna.
   199 | D        | Found a radiant altar of Vehumet.
   201 | D        | Reached skill level 1 in Conjurations
   226 | D        | Found Pitofarph's Jewellery Emporium.
   226 | D        | Found an ancient bone altar of Kikubaaqudgha.
   226 | D        | Found a hazy altar of Hepliaklqana.
   226 | D        | Found a stormy altar of Qazlal.
   226 | D        | Found a hide-covered altar of Uskayaw.
   226 | D        | Found a blossoming altar of Fedhas.
   226 | D        | Found a bloodstained altar of Trog.
   226 | D        | Found an iron altar of Okawaru.
   226 | D        | Found a basalt altar of Yredelemnul.
   226 | D        | Found a glowing golden altar of the Shining One.
   226 | D        | Found a snail-covered altar of Cheibriados.
   226 | D        | Found a sacrificial altar of Ru.
   226 | D        | Found a glowing silver altar of Zin.
   226 | D        | Found a shadowy altar of Dithmenos.
   226 | D        | Found a white marble altar of Elyvilon.
   226 | D        | Noticed a yak
   233 | D        | Became a worshipper of Sif Muna the Loreminder
   234 | D        | Killed a yak
   235 | D        | Reached skill level 10 in Spellcasting
   235 | D        | Reached skill level 13 in Earth Magic
   238 | D        | Found an opulent altar of Gozag.
   239 | D        | Found a sparkling altar of Nemelex Xobeh.
   358 | D        | Found a burning altar of Makhleb.
   358 | D        | Found a viscous altar of Jiyva.
   358 | D        | Found a shimmering altar of Xom.
   358 | D        | Found a corrupted altar of Lugonu.
   358 | D        | Noticed a slime creature
   363 | D        | Killed a slime creature
   364 | D        | Reached skill level 14 in Earth Magic
   364 | D        | Reached XP level 7. HP: 28/36 MP: 6/23
   467 | D        | Noticed a kobold demonologist
   468 | D        | Reached * piety under Sif Muna
   468 | D        | Noticed a kobold demonologist
   474 | D        | Killed a kobold demonologist
   475 | D        | Reached skill level 15 in Earth Magic
   475 | D        | Reached XP level 8. HP: 38/41 MP: 7/26
   477 | D        | Killed a kobold demonologist
   613 | D        | Noticed Sonja
   615 | D        | Killed Sonja
   615 | D        | Reached ** piety under Sif Muna
   616 | D        | Reached skill level 16 in Earth Magic
   652 | D        | Found Romungoe's Book Boutique.
   660 | D        | Bought a book of Geomancy for 264 gold pieces
   666 | D        | Learned a level 5 spell: Lee's Rapid Deconstruction
   678 | D        | Noticed a deep troll
   682 | D        | Killed a deep troll
   683 | D        | Reached skill level 17 in Earth Magic
   683 | D        | Reached XP level 9. HP: 45/45 MP: 13/29
   757 | D        | Found Ilimog Kaf's Armour Emporium.
   762 | D        | Bought a +0 pair of gloves for 63 gold pieces
   762 | D        | Bought the +1 robe of the Moon Troll {rN+ Regen+ Str-3} for
                  | 148 gold pieces
   799 | D        | Learned a level 4 spell: Leda's Liquefaction
   803 | D        | Noticed a centaur warrior
   804 | D        | Noticed a centaur warrior
   809 | D        | Killed a centaur warrior
   810 | D        | Reached skill level 15 in Spellcasting
   812 | D        | Killed a centaur warrior
   923 | D        | Reached *** piety under Sif Muna
   924 | D        | Reached skill level 18 in Earth Magic
   961 | D        | Noticed an oklob plant
  1025 | D        | Killed an oklob plant
  1026 | D        | Reached XP level 10. HP: 30/50 MP: 22/32
  1158 | D        | Reached **** piety under Sif Muna
  1165 | D        | Reached ***** piety under Sif Muna
  1166 | D        | Reached skill level 10 in Conjurations
  1221 | D        | Received a gift from Sif Muna
  1512 | D        | Received a gift from Sif Muna
  1596 | D        | Killed a gargoyle
  1599 | D        | Got Sif Muna's Collected Works on Frigorific Clay {god
                  | gift}
  1606 | D        | Found Oshiagih's Distillery.
  1607 | D        | Found Ykhuilun's Magic Scroll Boutique.
  1607 | D        | Found Jaschour's Antique Weapon Shop.
  1607 | D        | Found Dyiletz's Armour Emporium.
  1608 | D        | Found Awikkaast's Jewellery Boutique.
  1609 | D        | Found Eciukh's Weapon Emporium.
  1639 | D        | Found Soxzoa's Weapon Emporium.
  1639 | D        | Found Acoiwk's General Store.
  1639 | D        | Found Cuafal's Weapon Shoppe.
  1639 | D        | Found Xywusm's Armour Boutique.
  1639 | D        | Found Giehoc's Assorted Antiques.
  1639 | D        | Found Piyt's General Store.
  1639 | D        | Found Purir's Weapon Shoppe.
  1642 | D        | Bought a potion of haste for 140 gold pieces
  1642 | D        | Bought a potion of resistance for 140 gold pieces
  1642 | D        | Bought a potion of brilliance for 56 gold pieces
  1643 | D        | Found Ifrodun's Antique Weapon Boutique.
  1654 | D        | Bought a scroll of identify for 22 gold pieces
  1654 | D        | Bought a scroll of identify for 22 gold pieces
  1654 | D        | Bought a scroll of identify for 22 gold pieces
  1654 | D        | Bought a scroll of blinking for 82 gold pieces
  1755 | D        | Learned a level 5 spell: Borgnjor's Vile Clutch
  1761 | D        | Learned a level 5 spell: Bolt of Magma
  1765 | D        | Learned a level 3 spell: Call Canine Familiar
  1772 | D        | Learned a level 6 spell: Statue Form
  1869 | D        | Reached skill level 19 in Earth Magic
  1874 | D        | Mangled by a demonic crawler

Illustrated notes

Levels and vault maps discovered:
D:        dungeon_sprint_1 [red_sonja_temple_1, red_sonja_temple_small_1]

Skill      XL: |  1  2  3  4  5  6  7  8  9 10 |
---------------+-------------------------------+-----
Earth Magic    | 7 9 12 14 15 17 18 19 | 19.2
Spellcasting   | 5 8 10 12 14 16 17 | 17.0
Conjurations   | 1 2 6 8 12 | 12.3
Dodging        | |  2.4
Stealth        | |  2.4
Transmutations | |  1.1

Action                   |  1- 3 |  4- 6 |  7- 9 | 10-12 || total
-------------------------+-------+-------+-------+-------++-------
Melee: Unarmed           |     5 |       |       |     1 ||     6
 Cast: Sandblast         |     3 |       |     4 |       ||     7
       Stone Arrow       |       |    12 |    19 |    31 ||    62
       Lee's Rapid Decon |       |       |     6 |     7 ||    13
       Leda's Liquefacti |       |       |     1 |       ||     1
       Call Canine Famil |       |       |       |     5 ||     5
       Bolt of Magma     |       |       |       |     1 ||     1
       Petrify           |       |       |       |     1 ||     1
       Borgnjor's Vile C |       |       |       |     1 ||     1
  Use: Potion            |     1 |       |       |     1 ||     2
       Scroll            |       |       |     1 |     5 ||     6
Armor: Robe              |       |     1 |     2 |    16 ||    19
Dodge: Dodged            |     2 |     2 |     4 |    17 ||    25
